 Dungeon Crawl Stone Soup version 0.31-a0-239-g0a1456f148 (webtiles) character file.

Game seed: 3276828890756955015

976 qw the Shooter (level 8, 0/48 HPs)
             Began as a Gargoyle Hexslinger on July 11, 2023.
             Slain by Duvessa
             ... wielding a +0 short sword
              (8 damage)
             ... on level 5 of the Dungeon.
             The game lasted 00:01:53 (3277 turns).

qw the Shooter (Gargoyle Hexslinger)                Turns: 3277, Time: 00:01:54

Health: 0/48       AC: 14    Str: 12    XL:     8   Next: 16%
Magic:  9/9        EV: 16    Int: 14    God:
Gold:   320        SH:  0    Dex: 20    Spells: 8/9 levels left

rFire   . . .        Y - +2 sling (freeze)
rCold   + . .        (no shield)
rNeg    + . .        g - +3 ring mail
rPois   inf          (no helmet)
rElec   +            (no cloak)
rCorr   .            (no gloves)
SInv    .            (no boots)
Will    +....        (no amulet)
Stlth   +            i - +5 ring of evasion
HPRegen 0.28/turn    e - +6 ring of dexterity
MPRegen 0.11/turn

%: no passive effects
@: about to teleport
A: sickness immunity, AC +5, negative energy resistance 1, electricity
resistance, torment resistance 1, petrification resistance, cold resistance 1,
strong-willed 1
a: no special abilities


You were on level 5 of the Dungeon.
You visited 1 branch of the dungeon, and saw 5 of its levels.
You also visited: Ossuary.

You collected 320 gold pieces.


Innate Abilities, Weirdness & Mutations

You are immune to sickness and miasma.
Your stone body is resilient. (AC +5)
You are immune to poison.
You resist negative energy. (rN+)
You are resistant to electric shocks. (rElec)
You are resistant to unholy torment.
You are immune to petrification.
Your flesh is cold resistant. (rC+)
You are strong-willed. (Will+)


   Skills:
 - Level 4.2 Fighting
 + Level 7.8 Ranged Weapons
 - Level 2.3 Armour
 - Level 2.5 Dodging
 - Level 1.0 Spellcasting
 - Level 2.6 Hexes


You had 8 spell levels left.
You knew the following spells:

 Your Spells              Type           Power      Damage    Failure   Level
a - Slow                  Hex            32%        N/A       19%         1

Your spell library contained the following spells:

 Spells                   Type           Power      Damage    Failure   Level
 Inner Flame              Hex/Fire       4%         N/A       69%         3
 Portal Projectile        Hex/Tloc       8%         N/A       69%         3
 Cause Fear               Hex            4%         N/A       88%         4

Inventory:

Hand Weapons
 Y - a +2 sling of freezing (weapon)
Armour
 g - a +3 ring mail (worn)
 k - a +0 pair of gloves
Jewellery
 d - a ring of protection from fire
 e - a +6 ring of dexterity (right hand)
 i - a +5 ring of evasion (left hand)
 n - an amulet of regeneration
Scrolls
 a - 3 scrolls of identify
 c - a scroll of enchant armour
Potions
 b - a potion of might
 f - a potion of degeneration {unknown}
 j - a potion of curing
 l - 2 potions of haste {unknown}
 m - a potion of mutation

Dungeon Overview and Level Annotations

Branches:
Dungeon (5/15)            Ossuary (visited)
 Temple: D:4-7

Altars:

Annotations:
D:5 Dowan, Duvessa


Message History

Duvessa says, "When magic and the sword combine, nothing stands against them."
Duvessa misses you.
Dowan gestures at Duvessa while chanting.
Duvessa seems to speed up.
You shoot a sling bullet.
The sling bullet hits Duvessa but does no damage.
Duvessa is heavily wounded.
Duvessa closely misses you.
The orc priest calls down the wrath of Beogh upon you.
Beogh smites you! Dowan hits you but does no damage.
Duvessa completely misses you.
You shoot a sling bullet.
The sling bullet hits Duvessa but does no damage.
Duvessa is heavily wounded.
Duvessa hits you with a +0 short sword. Dowan completely misses you.
You shoot a sling bullet. The sling bullet hits Duvessa!
The sling bullet freezes Duvessa.
Duvessa is almost dead.
Duvessa barely misses you.
The orc priest miscasts a cantrip.
Dowan casts a spell at you.
The puff of flame hits you but does no damage.
Duvessa drinks a potion.
Duvessa is healed!
You shoot a sling bullet.
The sling bullet hits Duvessa but does no damage.
Duvessa is severely wounded.
Duvessa hits you with a +0 short sword.
The orc priest looks braver for a moment.
Dowan closely misses you. Duvessa hits you but does no damage.
Dowan hits you but does no damage.
The orc priest begins to cast a cantrip, but forgets the words!
You shoot a sling bullet. The sling bullet hits Duvessa.
The sling bullet freezes Duvessa.
Duvessa is almost dead.
Duvessa hits you with a +0 short sword. Dowan misses you.
Duvessa hits you with a +0 short sword.
3277 ||| READING scroll of teleportation.
As you read the scroll of teleportation, it crumbles to dust.
You feel strangely unstable. Duvessa hits you with a +0 short sword!
You die...

###################
#...[...........@e#
#.###############e#
.......# o#
..)....# z#
.).....# o.
.......# ..
...)...# ..#
.....### ..# ..####


You could see Duvessa (fast), Dowan, a wight, an orc priest and an orc.

Vanquished Creatures
  An ogre (D:4)
  A phantom (D:5)
  Blork the orc (D:4)
  5 scorpions
  2 wights (D:5)
  A hound (D:3)
  A sleepcap (D:4)
  2 iguanas
  2 orc wizards (D:5)
  3 mummies (Ossuary)
  4 adders
  3 adder zombies (Ossuary)
  A worm (D:5)
  A dart slug (D:2)
  8 orcs (D:5)
  8 ball pythons
  4 bats
  6 endoplasms
  2 giant cockroaches (D:1)
  A gnoll zombie (Ossuary)
  6 goblins
  12 hobgoblins
  8 jackals
  4 kobolds
  2 quokkas
  7 frilled lizards
  A goblin zombie (Ossuary)
  5 hobgoblin zombies (Ossuary)
  3 kobold zombies (Ossuary)
  An orc zombie (Ossuary)
  13 rats
  4 rat zombies (Ossuary)
123 creatures vanquished.

Notes
Turn   | Place    | Note
-------+----------+-------------------------------------------
     0 | D:1      | qw the Gargoyle Hexslinger began the quest for the Orb.
     0 | D:1      | Reached XP level 1. HP: 12/12 MP: 2/2
     0 | D:1      | 0 ||| qw: Version: 0.3-a-52-g30416fa
     0 | D:1      | 0 ||| qw: Game counter: 5950
     0 | D:1      | 0 ||| qw: Melee chars always use a shield: true
     0 | D:1      | 0 ||| qw: God list: Okawaru
     0 | D:1      | 0 ||| qw: Allow faded altars: false
     0 | D:1      | 0 ||| qw: Do Orc after clearing Dungeon:15 true
     0 | D:1      | 0 ||| qw: Do second Lair branch before Depths: true
     0 | D:1      | 0 ||| qw: Lair rune preference: random
     0 | D:1      | 0 ||| qw: Goals: Normal
     0 | D:1      | 0 ||| PLANNING D:1-11
    70 | D:1      | Reached XP level 2. HP: 9/16 MP: 3/3
   162 | D:1      | Reached skill level 3 in Ranged Weapons
   168 | D:1      | 168 ||| FLEEEEING.
   169 | D:1      | 169 ||| FLEEEEING.
   233 | D:1      | Reached XP level 3. HP: 21/21 MP: 4/4
   560 | D:1      | 560 ||| UPGRADING to +0 leather armour.
   570 | D:1      | 570 ||| DROPPING +0 robe.
   571 | D:1      | 571 ||| UPGRADING to +5 ring of evasion.
   572 | D:1      | 572 ||| READING 2 scrolls labelled ROSHRO DOUSMYFOCI.
   573 | D:1      | 573 ||| READING scroll labelled DUEFFU HEHAME.
   574 | D:1      | 574 ||| READING scroll labelled WUDWOAKHLEB.
   575 | D:1      | 575 ||| READING 2 scrolls labelled OBIBBYGACW.
   580 | D:1      | 580 ||| DROPPING scroll of poison.
   921 | D:2      | Reached XP level 4. HP: 26/26 MP: 5/5
   976 | D:2      | Reached skill level 4 in Ranged Weapons
  1138 | D:2      | 1138 ||| READING scroll labelled VORPHE WUTS.
  1370 | D:3      | Reached XP level 5. HP: 30/30 MP: 6/6
  1564 | D:3      | 1564 ||| UPGRADING to +0 ring mail.
  1574 | D:3      | 1574 ||| DROPPING +0 leather armour.
  1575 | D:3      | 1575 ||| UPGRADING to +3 ring mail.
  1585 | D:3      | 1585 ||| DROPPING +0 ring mail.
  1586 | D:3      | 1586 ||| UPGRADING to +6 ring of dexterity.
  1587 | D:3      | 1587 ||| READING 2 scrolls labelled YTINGU KEBA.
  1588 | D:3      | 1588 ||| READING scroll labelled NEILUU ZONKEEH.
  1589 | D:3      | 1589 ||| READING 2 scrolls of identify.
  1589 | D:3      | 1589 ||| IDENTIFYING brown potion
  1612 | D:4      | 1612 ||| FLEEEEING.
  1613 | D:4      | 1613 ||| FLEEEEING.
  1614 | D:4      | 1614 ||| FLEEEEING.
  1616 | D:4      | 1616 ||| FLEEEEING.
  1617 | D:4      | 1617 ||| STAIRDANCE
  1644 | D:4      | Reached skill level 5 in Ranged Weapons
  1644 | D:4      | Reached XP level 6. HP: 32/35 MP: 7/7
  1685 | D:4      | Reached skill level 3 in Fighting
  1830 | D:4      | Reached skill level 6 in Ranged Weapons
  1885 | D:4      | Reached XP level 7. HP: 41/41 MP: 8/8
  1941 | D:4      | Noticed Blork the orc
  1960 | D:4      | HP: 6/41 [something (12)]
  1961 | D:4      | Killed Blork the orc
  2253 | D:4      | 2253 ||| READING scroll labelled CURUOME ZUSASHO.
  2259 | D:5      | Entered Level 5 of the Dungeon
  2260 | D:5      | 2260 ||| PLANNING OSSUARY
  2271 | D:5      | Found a sand-covered staircase.
  2277 | Ossuary  | Entered an ossuary
  2503 | Ossuary  | 2503 ||| READING scroll labelled UMEXUI VALUAKU.
  2504 | Ossuary  | 2504 ||| READING scroll labelled INOZXU VAFAE.
  2505 | Ossuary  | 2505 ||| READING scroll labelled UHUHAMATZY.
  2606 | Ossuary  | 2606 ||| DRINKING 2 white potions.
  2607 | Ossuary  | 2607 ||| DRINKING 2 bubbling purple potions.
  2607 | Ossuary  | Gained mutation: You are strong-willed. (Will+) [potion of
                  | mutation]
  2607 | Ossuary  | Gained mutation: Your flesh is cold resistant. (rC+)
                  | [potion of mutation]
  2611 | D:5      | 2611 ||| PLANNING D:1-11
  2728 | D:5      | Reached skill level 7 in Ranged Weapons
  3039 | D:5      | Reached XP level 8. HP: 48/48 MP: 9/9
  3058 | D:5      | HP: 9/48 [wight/+2 flail (12)]
  3059 | D:5      | 3059 ||| READING 2 scrolls of teleportation.
  3253 | D:5      | Noticed Dowan
  3256 | D:5      | Noticed Duvessa
  3276 | D:5      | HP: 8/48 [Duvessa/+0 short sword (5)]
  3277 | D:5      | 3277 ||| READING scroll of teleportation.
  3277 | D:5      | Slain by Duvessa

Levels and vault maps discovered:
D:1:      dpeg_arrival_rhombi, layout_rooms, minmay_rat_gold_closets
D:2:      layout_basic
D:3:      layout_rooms, dk_noncrumbling_4
D:4:      layout_basic, uniq_blork_the_orc
D:5:      layout_basic, minmay_temple_entry_overgrown,
          lightli_ossuary_entry_decrepit_ruins, uniq_duvessa

Skill      XL: |  1  2  3  4  5  6  7 |
---------------+----------------------+-----
Ranged Weapons | 3 4 5 6 7 |  7.8
Fighting       | 2 3 4 |  4.2
Armour         | 2 |  2.3
Dodging        | 2 |  2.5
Spellcasting   | |  1.0
Hexes          | |  2.6

Action                     |  1- 3 |  4- 6 |  7- 9 || total
---------------------------+-------+-------+-------++-------
   Fire: Sling             |   149 |   107 |   254 ||   510
    Use: Scroll            |     4 |     4 |     6 ||    14
         Potion            |       |       |     2 ||     2
 Armour: Robe              |    37 |       |       ||    37
         Leather armour    |     2 |    10 |       ||    12
         Ring mail         |       |    10 |    66 ||    76
  Dodge: Dodged            |    93 |    45 |   108 ||   246

Table legend:
 A = Non-vault XP
 B = Vault XP
 C = Vault XP percentage of total XP
 D = Non-vault monster count
 E = Vault monster count
 F = Vault count percentage of total count
                 A         B        C        D         E       F
            +---------+---------+-------+---------+---------+-------
      Total |    1207 |     188 |  13.5 |      95 |      28 |  22.8
            +---------+---------+-------+---------+---------+-------
        D:1 |      55 |       6 |   9.8 |      31 |       6 |  16.2
        D:2 |      38 |       0 |   0.0 |      15 |       0 |   0.0
        D:3 |      86 |       0 |   0.0 |      14 |       0 |   0.0
        D:4 |     487 |      96 |  16.5 |      18 |       1 |   5.3
        D:5 |     541 |       0 |   0.0 |      17 |       0 |   0.0
    Ossuary |       0 |      86 | 100.0 |       0 |      21 | 100.0
            +---------+---------+-------+---------+---------+-------
